 Dungeon Crawl Stone Soup version 0.25.1-2-g60ff931df9 (webtiles) character file.

Game seed: 1078851311321202944

1284 Fractals the Shield-Bearer (level 8, -6/62 HPs)
             Began as a Formicid Fighter on Oct 13, 2020.
             Was a Priest of Zin.
             Shot with a sling bullet by Joseph (10 damage)
             ... on level 8 of the Dungeon.
             The game lasted 00:20:47 (5508 turns).

Fractals the Shield-Bearer (Formicid Fighter)       Turns: 5508, Time: 00:20:47

Health: -6/62      AC: 12    Str: 22    XL:     8   Next: 85%
Magic:  11/11      EV:  6    Int:  7    God:    Zin [***...]
Gold:   53         SH: 16    Dex: 12    Spells: 7/7 levels left

rFire    + . .     SeeInvis +   o - +0 battleaxe
rCold    + . .     Gourm    .   t - +0 tower shield
rNeg     . . .     Faith    .   p - +0 chain mail
rPois    +         Spirit   .   (helmet unavailable)
rElec    .         Reflect  .   n - scarf {rC+ rF+}
rCorr    +         Harm     .   s - +0 pair of gloves
MR       .....                  (no boots)
Stlth    ..........             (no amulet)
HPRegen  0.20/turn              i - ring of poison resistance
MPRegen  0.12/turn              b - ring of resist corrosion

@: lightly drained
A: permanent stasis, dig shafts and tunnels, four strong arms, antennae 3,
iridescent scales 1, blurry vision 1
a: Dig, Shaft Self, Recite, Vitalisation, Imprison, Donate Gold, Renounce
Religion


You were on level 8 of the Dungeon.
You worshipped Zin.
Zin was most pleased with you.
You were not hungry.

You visited 1 branch of the dungeon, and saw 8 of its levels.

You collected 338 gold pieces.
You spent 252 gold pieces at shops.
You donated 33 gold pieces to Zin.

Inventory:

Hand Weapons
 d - a +1 vorpal spear
 e - a +4 trident
 o - a +0 battleaxe (weapon)
Missiles
 k - 82 stones (quivered)
Armour
 n - a scarf of resistance (worn)
 p - a +0 chain mail (worn)
 s - a +0 pair of gloves (worn)
 t - a +0 tower shield (worn)
Jewellery
 b - a ring of resist corrosion (right hand)
 i - a ring of poison resistance (left hand)
 r - an uncursed ring of wizardry {unknown}
Scrolls
 a - a scroll of amnesia {unknown}
 g - a scroll of enchant weapon
 h - a scroll of fog
Potions
 q - a potion of degeneration {unknown}
Comestibles
 f - 6 rations


   Skills:
 - Level 5.0(4.5) Fighting
 - Level 3.3(2.9) Axes
   Level 2.0(1.5) Staves
 + Level 4.8(4.3) Armour
 - Level 3.0(2.5) Dodging
 + Level 7.9(7.4) Shields
 - Level 5.0(4.5) Invocations


You had 7 spell levels left.
You didn't know any spells.
Your spell library was empty.

Dungeon Overview and Level Annotations

Branches:
Dungeon (7/15)             Temple (0/1) D:6            Lair (0/6) D:8

Altars:
Ashenzari
Elyvilon
Gozag
Kikubaaqudgha
Makhleb
Okawaru
Xom
Zin

Shops:
D:6 *

Annotations:
D:8 Joseph


Innate Abilities, Weirdness & Mutations

You cannot be hasted, slowed, berserked, paralysed or teleported.
You can dig through walls and to a lower floor.
Your four strong arms can wield two-handed weapons with a shield.
You have a pair of large antennae on your head. (SInv)
You are partially covered in iridescent scales. (AC +2)
Scrolls take you a little longer to read.


Message History

Okay, then.
You start to feel less resistant.
Found 10 gold pieces.
Okay, then.
The water moccasin bites you but does no damage.
You block the water moccasin's attack.
Found 10 gold pieces.
A hound comes into view.
The hound barks!
You hear a shout!
You block the water moccasin's attack.
Found a stone staircase leading down.
You see here 12 gold pieces.
Joseph, a Mercenary comes into view.
He is wielding a +0 quarterstaff of protection.
Your resistance to elements expires.
Joseph shouts!
A crimson imp comes into view.
Joseph unwields a +0 quarterstaff of protection.
Joseph wields a +0 hunting sling.
Joseph shoots a sling bullet.
The sling bullet hits you!
You die...

.##### #######
.....############......@
[.......##....!.#......5
........##......#h......
................#.......
........##..z.z.....$...
..$.....##....S$@.......
......................>.
.##.....>....###........
. #..##....... ....#..##
.........##...###.# ..#
#..$...## ##... .# .#
..#. .... .. . ...
##......


You could see Joseph, a water moccasin, a hound, 2 wights and a crimson imp
(wandering).

Vanquished Creatures
  A hippogriff (D:7)
  An ice beast (D:5)
  A sky beast (D:6)
  2 bullfrogs
  A water moccasin skeleton (D:6)
  A killer bee (D:7)
  A howler monkey (D:6)
  A centaur zombie (D:7)
  A crimson imp (D:5)
  A hound (D:7)
  A jelly (D:5)
  3 orc priests
  An iguana (D:4)
  2 worker ants
  A hound zombie (D:7)
  2 hound skeletons
  Robin (D:2)
  3 gnolls (D:5)
  13 adders
  A howler monkey skeleton (D:4)
  2 shadow imps
  An ooze (D:1)
  2 adder skeletons (D:6)
  A worm (D:4)
  3 dart slugs
  3 leopard geckos
  27 orcs
  2 ball pythons
  2 giant cockroaches
  13 goblins
  11 hobgoblins
  7 jackals
  15 kobolds
  A quokka (D:3)
  5 bats
  5 frilled lizards
  A quokka skeleton (D:7)
  10 rats
150 creatures vanquished.

Vanquished Creatures (others)
  An ooze (D:3)
  A bat (D:3)
2 creatures vanquished.

Grand Total: 152 creatures vanquished

Notes
Turn   | Place    | Note
-------+----------+-------------------------------------------
     0 | D:1      | Fractals the Formicid Fighter began the quest for the Orb.
     0 | D:1      | Reached XP level 1. HP: 18/18 MP: 1/1
    92 | D:1      | Reached skill level 4 in Shields
    92 | D:1      | Reached XP level 2. HP: 24/24 MP: 2/2
   195 | D:1      | Reached XP level 3. HP: 28/30 MP: 3/3
   917 | D:2      | Reached XP level 4. HP: 36/37 MP: 4/4
   989 | D:2      | Reached skill level 1 in Dodging
  1268 | D:2      | Noticed Robin
  1287 | D:2      | Killed Robin
  1287 | D:2      | Reached skill level 5 in Shields
  1416 | D:2      | Found an opulent altar of Gozag.
  1679 | D:3      | Reached XP level 5. HP: 38/42 MP: 5/5
  1930 | D:3      | Reached skill level 1 in Axes
  2121 | D:3      | Found an iron altar of Okawaru.
  2125 | D:3      | Found a shattered altar of Ashenzari.
  2335 | D:3      | Found a burning altar of Makhleb.
  2503 | D:4      | Reached XP level 6. HP: 45/48 MP: 6/6
  2514 | D:4      | Found a glowing silver altar of Zin.
  2517 | D:4      | Became a worshipper of Zin the Law-Giver
  2517 | D:4      | Reached * piety under Zin
  2790 | D:4      | Reached skill level 1 in Invocations
  3157 | D:4      | Reached skill level 6 in Shields
  3351 | D:4      | Found an ancient bone altar of Kikubaaqudgha.
  3499 | D:5      | Entered Level 5 of the Dungeon
  3575 | D:5      | Noticed an ice beast
  3586 | D:5      | Killed an ice beast
  3586 | D:5      | Reached XP level 7. HP: 54/54 MP: 8/8
  3591 | D:5      | Found an iron altar of Okawaru.
  3611 | D:5      | Got a fine mace
  3618 | D:5      | Identified the cursed +1 mace "Wucymoq" {protect, rElec rF+
                  | Int+3} (You found it on level 5 of the Dungeon)
  4173 | D:6      | Reached ** piety under Zin
  4304 | D:6      | Reached skill level 7 in Shields
  4304 | D:6      | Reached XP level 8. HP: 38/60 MP: 10/10
  4526 | D:6      | Found a staircase to the Ecumenical Temple.
  4541 | D:6      | Found Penwan's Assorted Antiques.
  4547 | D:6      | Got a fading rapier
  4563 | D:6      | Bought a battleaxe for 149 gold pieces
  4563 | D:6      | Bought a pair of gloves for 103 gold pieces
  4579 | D:6      | Reached *** piety under Zin
  4586 | D:6      | Found a shimmering altar of Xom.
  4586 | D:6      | Found a white marble altar of Elyvilon.
  4665 | D:6      | Identified the +8 rapier "Vollif" {vamp, *Corrode rF- rN+++
                  | Int+9} (You found it on level 6 of the Dungeon)
  4807 | D:7      | Noticed a hippogriff
  4822 | D:7      | Killed a hippogriff
  4829 | D:7      | Reached skill level 5 in Fighting
  5158 | D:7      | Gained mutation: Scrolls take you a little longer to read.
                  | [potion of mutation]
  5158 | D:7      | Gained mutation: You are partially covered in iridescent
                  | scales. (AC +2) [potion of mutation]
  5181 | D:7      | Found an iron altar of Okawaru.
  5452 | D:7      | Reached skill level 5 in Invocations
  5491 | D:7      | You fall into a shaft and drop 1 floor!
  5491 | D:8      | Found a staircase to the Lair.
  5500 | D:8      | HP: 3/62 [water moccasin (6)]
  5508 | D:8      | Noticed Joseph
  5508 | D:8      | Shot with a sling bullet by Joseph

Illustrated notes

Levels and vault maps discovered:
D:1:      dpeg_arrival_oval, layout_loops_ring
D:2:      layout_loops_ring, nrook_mini_backslash, grunt_gozag_breadcrumbs,
          uniq_robin
D:3:      layout_rooms, nicolae_overflow_hidden_temple,
          lemuel_coloured_pillars_altar, lemuel_flame_loot_1
D:4:      layout_cave_pools, kennysheep_mini_moat, kiku_gazebo_pond_becter,
          first_ration
D:5:      layout_basic, nrook_campfire, okawaru_gym_becter
D:6:      layout_rooms, gammafunk_temple_overflow_wave, temple_green,
          serial_shops, shop
D:7:      minmay_chambers_of_fours, layout_rooms, led_sif_book, basic_altar
D:8:      layout_rooms, lemuel_round_altar, marbit_many_paths, kennysheep_mini,
          lair_entry_dummy, uniq_joseph

Skill      XL: |  1  2  3  4  5  6  7  8 |
---------------+-------------------------+-----
Shields        | 4 5 6 7 |  7.9
Fighting       | 4 5 |  5.0
Dodging        | 1 2 3 |  3.0
Axes           | 1 2 3 |  3.3
Invocations    | 2 3 5 |  5.0
Armour         | 4 |  4.8
Staves         | |  2.0

Action                   |  1- 3 |  4- 6 |  7- 9 || total
-------------------------+-------+-------+-------++-------
Melee: Quarterstaff      |    96 |   200 |       ||   296
       Broad axe         |       |    39 |       ||    39
       Trident           |       |    25 |    73 ||    98
       Battleaxe         |       |       |   116 ||   116
Throw: Stone             |       |     2 |     6 ||     8
 Abil: Shaft Self        |       |       |     1 ||     1
  Use: Scroll            |     1 |     5 |     7 ||    13
       Potion            |       |     4 |     2 ||     6
  Eat: Chunk             |       |     6 |       ||     6
       Ration            |       |     1 |     2 ||     3
Armor: Scale mail        |    33 |    87 |     7 ||   127
       Chain mail        |       |       |   111 ||   111
Dodge: Dodged            |    24 |    90 |    61 ||   175
Block: Kite shield       |    37 |   147 |    35 ||   219
       Tower shield      |       |       |   180 ||   180
